 Dungeon Crawl Stone Soup version 0.29.1-1-gd02db6906a (webtiles) character file.

Game seed: 3684794884598997048

35 LustLizard the Trooper (level 3, -8/29 HPs)
             Began as a Demonspawn Fighter on Oct 8, 2022.
             Mangled by a gnoll
             ... wielding a +0 flail
              (9 damage)
             ... on level 2 of the Dungeon.
             The game lasted 00:01:19 (1384 turns).

LustLizard the Trooper (Demonspawn Fighter)         Turns: 1384, Time: 00:01:19

Health: -8/29      AC: 13    Str: 16    XL:     3   Next: 17%
Magic:  3/3        EV:  8    Int:  9    God:
Gold:   52         SH:  4    Dex: 14    Spells: 2/2 levels left

rFire   . . .      SeeInvis .   i - +3 dagger (protect)
rCold   . . .      Faith    .   c - +0 buckler
rNeg    . . .      Spirit   .   b - +0 scale mail
rPois   .          Reflect  .   (no helmet)
rElec   .          Harm     .   (no cloak)
rCorr   .          Rampage  .   (no gloves)
Will    .....                   (no boots)
Stlth   ..........              k - amulet of the acrobat
HPRegen 0.09/turn               j - ring of wizardry
MPRegen 0.08/turn               (no ring)

@: under a protective aura
A: powered by death 2
a: no special abilities


You were on level 2 of the Dungeon.
You visited 1 branch of the dungeon, and saw 2 of its levels.

You collected 52 gold pieces.

Inventory:

Hand Weapons
 a - a +0 long sword
 i - a +3 dagger of protection (weapon)
Missiles
 e - 19 stones (quivered)
Armour
 b - a +0 scale mail (worn)
 c - a +0 buckler (worn)
Jewellery
 j - a ring of wizardry (left hand)
 k - an amulet of the acrobat (around neck)
Scrolls
 g - a scroll of identify {unknown}
 l - a scroll of immolation {unknown}
Potions
 d - a potion of might
 f - 2 potions of attraction {unknown}
 h - a potion of haste {unknown}
 m - a potion of degeneration {unknown}


   Skills:
 + Level 3.3 Fighting
 * Level 2.5 Long Blades
 * Level 1.4 Throwing
 - Level 2.6 Armour
 - Level 2.6 Shields


You had 2 spell levels left.
You didn't know any spells.
Your spell library was empty.

Dungeon Overview and Level Annotations

Branches:
Dungeon (2/15)

Altars:


Innate Abilities, Weirdness & Mutations

You regenerate health from kills.


Message History

The gnoll barely misses you.
You hit the gnoll.
The gnoll is severely wounded.
The gnoll hits you but does no damage.
You barely miss the gnoll.
The gnoll is severely wounded.
You block the gnoll's attack.
You closely miss the gnoll.
The gnoll is severely wounded.
The gnoll hits you but does no damage.
You hit the gnoll but do no damage.
The gnoll is severely wounded.
You block the gnoll's attack.
You closely miss the gnoll.
The gnoll is severely wounded.
The gnoll hits you with a +0 flail.
You hit the gnoll.
The gnoll is almost dead.
The gnoll hits you with a +0 flail.
* * * LOW HITPOINT WARNING * * *
You hit the gnoll.
You kill the gnoll!
You have reached level 3!
Your experience leads to an increase in your attributes!
Increase (S)trength, (I)ntelligence, or (D)exterity?
You feel agile. x2; Your demonic ancestry asserts itself...
The wave of death grows in power.
You hit the gnoll.
The gnoll is lightly wounded.
You hit the gnoll.
The gnoll is lightly wounded.
The gnoll barely misses you.
You hit the gnoll.
The gnoll is moderately wounded.
The gnoll hits you with a +0 flail.
* * * LOW HITPOINT WARNING * * *
You hit the gnoll.
The gnoll is severely wounded.
The gnoll hits you with a +0 flail!
You die...

.. . ... .. #.#.#
... #.#.# ....
######.#.# .....
#......#.#####......
#.###..#>...@g......
#.#.........##......
#.#.......#.........
#..†......#.##......
#.........#.# .....
#.###.#####.# ##.
#.# #.......# #.#
######### #.#


You could see a gnoll.

Vanquished Creatures
  2 gnolls (D:2)
  3 bats (D:1)
  An endoplasm (D:1)
  3 giant cockroaches (D:1)
  2 kobolds (D:1)
  2 ball pythons
  A frilled lizard (D:1)
  2 goblins (D:1)
  A rat (D:1)
17 creatures vanquished.

Vanquished Creatures (others)
  A plant (D:1)
1 creature vanquished.

Grand Total: 18 creatures vanquished

Notes
Turn   | Place    | Note
-------+----------+-------------------------------------------
     0 | D:1      | LustLizard the Demonspawn Fighter began the quest for the
                  | Orb.
     0 | D:1      | Reached XP level 1. HP: 18/18 MP: 1/1
   272 | D:1      | Gained mutation: You regenerate a little health from kills.
                  | [demonic ancestry]
   272 | D:1      | Reached XP level 2. HP: 13/24 MP: 2/2
   504 | D:1      | Found a faded altar of an unknown god.
   856 | D:1      | Reached skill level 1 in Throwing
  1381 | D:2      | Gained mutation: You regenerate health from kills. [demonic
                  | ancestry]
  1381 | D:2      | Reached XP level 3. HP: 7/29 MP: 3/3
  1383 | D:2      | HP: 1/29 [gnoll/+0 flail (6)]
  1384 | D:2      | Mangled by a gnoll

Illustrated notes

Levels and vault maps discovered:
D:1:      dpeg_arrival_signposts, layout_basic,
          chequers_ecumenical_altar_island, chequers_big_river
D:2:      layout_basic, hangedman_decor_push, uniq_robin

Skill      XL: |  1  2 |
---------------+-------+-----
Long Blades    | 2 |  2.5
Throwing       | 1 |  1.4
Fighting       | |  3.3
Armour         | |  2.6
Shields        | |  2.6

Action                   || total
-------------------------++-------
Melee: Long sword        ||    29
       Dagger            ||    36
Armor: Scale mail        ||    27
Dodge: Dodged            ||    30
Block: Buckler           ||    18
